 Dungeon Crawl Stone Soup version 0.21-a0-143-g1ab7d47 (webtiles) character file.

2 drasked the Skirmisher (level 1, 0/20 HPs)
             Began as a Hill Orc Monk on July 25, 2017.
             Slain by a jackal (2 damage)
             ... on level 1 of the Dungeon.
             The game lasted 00:00:18 (44 turns).

drasked the Skirmisher (Hill Orc Monk)                Turns: 44, Time: 00:00:18

Health: 0/20       AC:  2    Str: 13    XL:     1   Next: 40%
Magic:  1/1        EV: 13    Int: 10    God:
Gold:   0          SH:  0    Dex: 13    Spells: 0/0 levels left

rFire    . . .     SeeInvis .   a - +0 mace
rCold    . . .     Gourm    .   (no shield)
rNeg     . . .     Faith    .   b - +0 robe
rPois    .         Spirit   .   (no helmet)
rElec    .         Reflect  .   (no cloak)
rCorr    .         Harm     .   (no gloves)
MR       .....                  (no boots)
Stlth    ++........             (no amulet)
HPRegen  0.06/turn              (no ring)
MPRegen  0.07/turn              (no ring)

@: no status effects
A: no striking features
a: no special abilities


You were on level 1 of the Dungeon.
You were not hungry.

You visited 1 branch of the dungeon, and saw 1 of its levels.

Inventory:

Hand Weapons
 a - a +0 mace (weapon)
Armour
 b - a +0 robe (worn)
Comestibles
 c - a bread ration {@e1}


   Skills:
 + Level 3.7 Fighting
 + Level 3.4 Maces & Flails
 - Level 2.4 Dodging
 - Level 1.5 Stealth


You couldn't memorise any spells.
You didn't know any spells.

Dungeon Overview and Level Annotations

Branches:
Dungeon (1/15)

Altars:


Message History

Welcome, drasked the Hill Orc Monk.
Will you be the one to retrieve the fabulous Orb of Zot from the depths?
Found a staircase leading out of the dungeon.
You enter the shallow water.
Moving in this stuff is going to be slow.
You open the door.
Found a stone staircase leading down.
There is an open door here. 2 jackals come into view.
The jackal barks! x2
The jackal moves out of view.
A jackal is nearby!
A jackal comes into view.
The jackal barks!
The jackal bites you. The jackal closely misses you.
You take 2 damage, and have 17/19 hp.
You completely miss the jackal. The jackal barely misses you.
You barely miss the jackal. The jackal misses you.
The jackal closely misses you.
You closely miss the jackal. The jackal bites you.
The jackal bites you but does no damage.
You take 1 damage, and have 16/19 hp.
You completely miss the jackal. The jackal closely misses you.
The jackal misses you.
You hit the jackal. The jackal barely misses you.
The jackal bites you but does no damage.
You hit the jackal but do no damage. The jackal misses you.
You hit the jackal.
The jackal bites you but does no damage.
The jackal bites you.
You take 1 damage, and have 16/19 hp.
You barely miss the jackal. The jackal bites you. x2
You take 4 damage, and have 12/19 hp.
MASSIVE DAMAGE!!
There are monsters nearby!
You hit the jackal but do no damage.
The jackal bites you but does no damage.
You hit the jackal. The jackal bites you. The jackal barely misses you.
You take 3 damage, and have 9/19 hp.
You are too injured to fight recklessly!
You are too injured to fight recklessly!
You are too injured to fight recklessly!
You are too injured to fight recklessly!
You are too injured to fight recklessly!
You are too injured to fight recklessly!
You hit the jackal. The jackal barely misses you.
The jackal closely misses you.
You barely miss the jackal. The jackal bites you. The jackal misses you.
You take 1 damage, and have 8/19 hp.
You barely miss the jackal. The jackal barely misses you.
You miss the jackal.
The jackal bites you but does no damage.
The jackal barely misses you.
You hit the jackal.
You kill the jackal!
The jackal bites you.
You hit the jackal.
You kill the jackal!
You closely miss the jackal. The jackal barely misses you.
The jackal bites you.
You take 1 damage, and have 7/20 hp.
You miss the jackal. The jackal misses you. x2
You hit the jackal but do no damage. The jackal bites you.
* * * LOW HITPOINT WARNING * * *
The jackal bites you but does no damage.
You take 1 damage, and have 6/20 hp.
You hit the jackal but do no damage. The jackal closely misses you.
You barely miss the jackal. The jackal bites you.
* * * LOW HITPOINT WARNING * * *
The jackal bites you.
* * * LOW HITPOINT WARNING * * *
You take 3 damage, and have 3/20 hp.
You barely miss the jackal. The jackal bites you.
* * * LOW HITPOINT WARNING * * *
The jackal misses you.
You take 1 damage, and have 2/20 hp.
You hit the jackal. The jackal bites you.
You die...

♣♣♣ #♣.♣#
♣♣...♣♣ .....
... ♣h♣ # ♣@♣
#.♣ #♣.♣# #
#..♣♣♣...♣♣♣...♣
#...............
##.#...########
#.##..###
#....>..#
#.......#
#.......#


You could see a jackal.

Vanquished Creatures
  2 jackals (D:1)
2 creatures vanquished.

Notes
Turn   | Place    | Note
-------+----------+-------------------------------------------
     0 | D:1      | drasked the Hill Orc Monk began the quest for the Orb.
     0 | D:1      | Reached XP level 1. HP: 19/19 MP: 1/1
    42 | D:1      | HP: 5/20 [jackal (1)]
    43 | D:1      | HP: 2/20 [jackal (1)]
    44 | D:1      | Slain by a jackal

Vault maps used:
D:1:      ncdulo_wetmaze, minmay_stone_trees_large, minmay_fountain_box

Action                   || total
-------------------------++-------
Melee: Mace              ||    23
Armor: Robe              ||     6
Dodge: Dodged            ||    19

Vault maps used:
D:1:      ncdulo_wetmaze, minmay_stone_trees_large, minmay_fountain_box

Table legend:
 A = Turns spent in this place as a percentage of turns spent in the entire game.
 B = Non-inter-level travel turns spent in this place as a percentage of non-inter-level travel turns spent in the entire game.
 C = Inter-level travel turns spent in this place as a percentage of turns spent in this place.
 D = Turns resting spent in this place as a percentage of non-inter-level travel turns spent in this place.
 E = Turns spent auto-exploring this place as a percentage of non-inter-level travel turns spent in this place.
 F = Non-inter-level travel turns spent in this place divided by the number of levels of this place that you've seen.
                   A       B       C       D       E      F
               +-------+-------+-------+-------+-------+----------------------
         Total | 100.0 | 100.0 |   0.0 |   0.0 |   5.1 |  39.0
       Dungeon | 100.0 | 100.0 |   0.0 |   0.0 |   5.1 |  39.0
               +-------+-------+-------+-------+-------+----------------------

Table legend:
 A = Kills in this place as a percentage of kills in entire the game.
 B = Kills by you in this place as a percentage of kills by you in the entire game.
 C = Kills by friends in this place as a percentage of kills by friends in the entire game.
 D = Other kills in this place as a percentage of other kills in the entire game.
 E = Experience gained in this place as a percentage of experience gained in the entire game.
 F = Experience gained in this place divided by the number of levels of this place that you have seen.
                   A       B       C       D       E      F
               +-------+-------+-------+-------+-------+----------------------
         Total | 100.0 | 100.0 |  -nan |  -nan | 100.0 |   4.0
       Dungeon | 100.0 | 100.0 |  -nan |  -nan | 100.0 |   4.0
               +-------+-------+-------+-------+-------+----------------------
